Map: Vallée des cactus EC

Players

AgCl - Winner!

  • Race: Protoss Protoss

NvrGoFurther

  • Race: Zerg Zerg

VOD

Have the link to the VOD?

Description

Time

  • Played on: May 15, 2015, 9:49 p.m.
  • Length: 16:35
Show
View Real Time Build Order
Export as new Build Order

AgCl Protoss - Winner!

Build Orders: Oracle Opening, Oracle Opening, Carrier Rush 

Get SALT Encoding   

  12  0:16  Pylon  
  12  0:19  Probe  
  13  0:22  Assimilator  
  13  0:31  Probe  
  14  0:43  Probe (Chrono Boost)  
  15  0:55  Probe (Chrono Boost)  
  16  0:57  Gateway  
  16  1:04  Probe (Chrono Boost)  
  17  1:12  Probe  
  18  1:24  Probe (Chrono Boost), Pylon  
  19  1:33  Assimilator  
  19  1:36  Probe (Chrono Boost)  
  20  1:42  Probe (Chrono Boost)  
  20  1:45  Cybernetics Core  
  21  1:53  Probe  
  22  2:00  Zealot (Chrono Boost)  
  24  2:05  Probe (Chrono Boost)  
  24  2:06  Pylon  
  25  2:18  Probe (Chrono Boost)  
  25  2:20  Zealot  
  28  2:25  Probe (Chrono Boost)  
  28  2:29  Stargate  
  29  2:31  Warp Gate (Chrono Boost)  
  29  2:35  Mothership Core  
  31  2:52  Forge  
  31  2:59  Pylon  
  31  3:04  Stalker  
  33  3:12  Oracle (Chrono Boost)  
  36  3:13  Probe  
  37  3:25  Probe  
  38  3:37  Probe  
  39  3:44  Fleet Beacon  
  39  4:04  Pylon  
  39  4:06  Pylon  
  39  4:07  Gateway  
  39  4:21  Probe  
  37  4:37  Nexus  
  31  4:40  Assimilator  
  31  4:41  Protoss Air Weapons Level 1 (Chrono Boost)  
  31  4:44  Carrier (Chrono Boost), Assimilator  
  31  4:49  Pylon  
  31  4:59  Pylon  
  37  5:10  Sentry  
  39  5:25  Adept  
  41  5:33  Probe  
  42  5:43  Graviton Catapult (Chrono Boost)  
  42  5:46  Probe (Chrono Boost)  
  43  5:50  Gateway  
  43  5:56  Probe (Chrono Boost)  
  44  6:03  Probe (Chrono Boost)  
  45  6:05  Probe (Chrono Boost)  
  45  6:09  Probe (Chrono Boost)  
  47  6:12  Adept  
  47  6:13  Probe, Adept  
  48  6:26  Probe (Chrono Boost)  
  48  6:30  Probe (Chrono Boost)  
  49  6:35  Nexus  
  49  6:37  Probe (Chrono Boost)  
  49  6:38  Probe (Chrono Boost)  
  51  6:46  Protoss Air Weapons Level 2 (Chrono Boost)  
  53  6:48  Probe (Chrono Boost)  
  53  6:50  Probe (Chrono Boost)  
  53  6:56  Probe (Chrono Boost)  
  53  6:57  Probe (Chrono Boost)  
  55  7:07  Probe (Chrono Boost)  
  57  7:09  Probe (Chrono Boost)  
  57  7:10  Carrier (Chrono Boost)  
  57  7:13  Probe  
  58  7:18  Probe  
  59  7:25  Probe  
  60  7:30  Probe  
  63  7:49  Probe  
  63  7:50  Stargate  
  64  7:51  Protoss Ground Weapons Level 1 (Chrono Boost)  
  64  7:52  Pylon  
  64  7:56  Probe  
  65  7:58  Pylon  
  65  8:01  Assimilator  
  65  8:04  Forge  
  65  8:05  Assimilator  
  66  8:07  Probe (Chrono Boost)  
  66  8:08  Probe (Chrono Boost)  
  68  8:15  Probe (Chrono Boost)  
  68  8:16  Pylon  
  69  8:21  Probe (Chrono Boost)  
  69  8:22  Probe (Chrono Boost)  
  70  8:29  Phoenix (Chrono Boost)  
  70  8:31  Anion Pulse-Crystals (Chrono Boost)  
  72  8:38  Probe x2 (Chrono Boost)  
  72  8:40  Probe (Chrono Boost)  
  75  8:45  Photon Cannon  
  75  8:47  Phoenix  
  79  8:51  Probe x2 (Chrono Boost)  
  79  8:52  Adept x2  
  82  9:12  Phoenix x2  
  86  9:21  Photon Cannon  
  86  9:28  Carrier (Chrono Boost)  
  86  9:30  Probe (Chrono Boost)  
  87  9:32  Probe (Chrono Boost), Photon Cannon  
  87  9:37  Photon Cannon  
  87  9:38  Gateway  
  87  9:41  Gateway  
  87  9:43  Probe  
  88  9:48  Protoss Shields Level 1 (Chrono Boost)  
  94  9:52  Twilight Council  
  94  9:54  Pylon  
  94  9:56  Stargate  
  94  9:58  Protoss Air Weapons Level 3 (Chrono Boost)  
  94  10:03  Carrier (Chrono Boost)  
  96  10:25  Protoss Ground Weapons Level 2 (Chrono Boost)  
  96  10:28  Carrier (Chrono Boost)  
  96  10:36  Dark Shrine  
  96  10:38  Templar Archives  
  102  10:43  Stargate  
  102  10:49  Void Ray (Chrono Boost)  
  106  10:52  Charge (Chrono Boost)  
  106  10:53  Probe  
  90  11:06  Probe  
  90  11:08  Photon Cannon  
  87  11:12  Photon Cannon  
  87  11:14  Pylon  
  87  11:20  Carrier x2 (Chrono Boost)  
  71  11:37  Stalker x2  
  79  11:59  Carrier (Chrono Boost)  
  79  12:05  Nexus  
  77  12:22  Psionic Storm  
  83  12:45  Probe (Chrono Boost)  
  83  12:50  Probe (Chrono Boost)  
  83  12:51  Probe (Chrono Boost)  
  86  12:54  Probe (Chrono Boost)  
  87  13:10  Dark Templar  
  87  13:11  Dark Templar  
  90  13:19  Stalker x2  
  86  13:20  Stalker  
  64  13:35  Void Ray (Chrono Boost)  
  64  13:37  Void Ray (Chrono Boost)  
  72  13:43  Pylon  
  76  13:56  Void Ray (Chrono Boost)  
  76  13:57  Protoss Shields Level 2 (Chrono Boost)  
  76  13:59  Zealot  
  78  14:12  Dark Templar x2  
  82  14:17  Dark Templar  
  87  14:24  Probe (Chrono Boost)  
  87  14:29  Probe x3 (Chrono Boost)  
  88  14:34  Probe (Chrono Boost)  
  88  14:36  Dark Templar  
  87  14:38  Void Ray (Chrono Boost)  
  91  14:47  Probe (Chrono Boost)  
  91  14:52  Assimilator  
  94  14:53  Probe x2 (Chrono Boost)  
  94  14:54  Assimilator  
  94  14:57  Pylon  
  94  14:59  Pylon  
  94  15:01  Probe x3  
  94  15:06  Archon x2  
  96  15:10  Dark Templar x2  
  84  15:22  Archon  
  83  15:35  Dark Templar x2  
  85  15:42  Archon  
  87  15:47  Probe (Chrono Boost)  
  91  15:52  Probe x2 (Chrono Boost)  
  91  15:53  Probe (Chrono Boost)  
  91  15:58  Gateway x2  
  91  15:59  Probe (Chrono Boost)  
  91  16:01  Gateway, Zealot  
  91  16:02  Zealot  
  96  16:09  Nexus  
  94  16:33  Zealot x4  
Show
View Real Time Build Order
Export as new Build Order

NvrGoFurther Zerg 

Build Orders: Hatch First 

Get SALT Encoding   

  12  0:01  Drone  
  13  0:13  Drone  
  14  0:17  Extractor  
  14  0:18  Drone  
  15  0:23  Overlord  
  15  0:43  Drone x2  
  15  0:46  Drone  
  18  1:03  Drone  
  19  1:08  Hatchery  
  18  1:16  Drone  
  19  1:23  Drone, Spawning Pool  
  19  1:37  Drone  
  19  1:38  Extractor  
  19  1:48  Drone  
  20  1:58  Hatchery  
  19  2:02  Overlord  
  19  2:10  Queen  
  19  2:12  Zergling x2  
  22  2:22  Queen  
  24  2:23  Drone  
  25  2:46  Drone x3  
  28  2:58  Drone x3  
  31  3:10  Metabolic Boost  
  31  3:16  Drone  
  31  3:28  Overlord x2  
  31  3:31  Queen  
  31  3:32  Spine Crawler  
  31  3:45  Drone  
  31  3:46  Drone x4  
  36  3:55  Overlord x2  
  36  3:59  Zergling x12  
  42  4:08  Spore Crawler  
  41  4:15  Spore Crawler  
  40  4:32  Drone  
  40  4:33  Drone x5  
  44  4:43  Lair  
  44  4:47  Extractor  
  44  4:49  Drone  
  44  4:54  Roach Warren  
  44  4:58  Overlord  
  44  4:59  Overlord x2  
  43  5:03  Drone x3  
  46  5:13  Zergling x2  
  47  5:14  Zergling x16  
  52  5:32  Extractor  
  52  5:33  Extractor  
  49  5:46  Spire  
  49  5:47  Drone  
  49  5:48  Drone x4  
  53  6:00  Drone  
  53  6:01  Drone x4  
  53  6:03  Overlord x3  
  58  6:17  Zergling x2  
  58  6:18  Zergling x4  
  54  6:38  Evolution Chamber  
  54  6:40  Drone x6  
  59  6:50  Pneumatized Carapace  
  59  6:58  Overlord  
  59  7:00  Mutalisk x4  
  59  7:01  Mutalisk x3  
  71  7:10  Zergling x2  
  71  7:11  Zergling x16  
  77  7:19  Mutalisk x2  
  81  7:24  Zerg Ground Armor Level 1  
  81  7:37  Mutalisk  
  76  7:41  Mutalisk  
  76  8:01  Mutalisk x2  
  76  8:03  Zergling x2  
  76  8:04  Zergling x16  
  89  8:25  Hatchery  
  88  8:33  Zerg Flyer Weapons Level 1  
  88  8:35  Mutalisk x2  
  92  8:49  Mutalisk x2  
  94  9:00  Mutalisk  
  82  9:10  Corruptor  
  84  9:17  Corruptor  
  81  9:29  Corruptor  
  80  9:32  Zergling x2  
  80  9:33  Zergling x16  
  89  9:44  Corruptor  
  89  9:45  Corruptor  
  93  9:47  Queen  
  93  9:48  Drone  
  93  9:49  Drone  
  93  10:09  Corruptor x2  
  97  10:15  Corruptor  
  99  10:21  Overlord, Corruptor  
  99  10:22  Queen  
  99  10:26  Drone x7  
  110  10:35  Drone  
  111  10:36  Drone x3  
  111  10:37  Overlord x2  
  107  11:05  Corruptor x5  
  107  11:07  Zergling x4  
  107  11:08  Zergling x12  
  114  11:22  Corruptor  
  114  11:23  Corruptor  
  110  11:32  Zergling x2  
  105  11:33  Zergling x10  
  106  11:42  Corruptor x2  
  102  11:48  Zergling x2  
  102  11:49  Zergling x2  
  104  11:56  Corruptor  
  104  11:58  Zergling x2  
  107  12:02  Extractor  
  107  12:03  Extractor  
  107  12:07  Corruptor  
  105  12:11  Corruptor  
  99  12:20  Zergling x14  
  99  12:21  Zergling x10  
  110  12:26  Drone  
  111  12:32  Zergling x2  
  111  12:33  Zergling x10  
  111  12:35  Corruptor  
  119  12:43  Zerg Flyer Weapons Level 2  
  119  12:52  Zergling x16  
  127  13:01  Hatchery  
  127  13:02  Corruptor  
  127  13:03  Zergling x2  
  127  13:05  Overlord  
  103  13:28  Corruptor  
  103  13:29  Corruptor x4  
  102  13:34  Corruptor  
  102  13:40  Zergling x2  
  102  13:41  Zergling x8  
  101  13:51  Corruptor  
  101  13:52  Corruptor  
  102  13:59  Overseer  
  102  14:03  Corruptor  
  102  14:04  Corruptor  
  102  14:07  Zergling x4  
  108  14:15  Spine Crawler  
  107  14:20  Corruptor x2  
  111  14:27  Corruptor  
  113  14:31  Spore Crawler  
  113  14:34  Spine Crawler  
  111  14:44  Spore Crawler  
  110  14:47  Spine Crawler  
  104  15:16  Zergling x2  
  104  15:17  Zergling x14  
  97  15:28  Corruptor x2  
  78  15:39  Hatchery  
  76  15:46  Zergling x2  
  76  15:47  Zergling x22  
  87  16:03  Corruptor  
  87  16:04  Corruptor x4  
  87  16:06  Zergling x2  
  95  16:15  Zergling x4  
Tags
 
Add a new tag
Caveats
  • Supply blocks, unpowered buildings, or Contaminate may cause inaccurate times.
  • Supply counts are checked every 10 seconds.